 Dungeon Sprint DCSS version 0.30-a0-210-g01b79a254e (webtiles) character file.

Game seed: 15532315797868559053

52896 wilfster70 the End of an Era (level 15, -5/146 HPs)
             Began as a Formicid Fighter on Oct 3, 2022.
             Was the Champion of Qazlal.
             Slain by Mennas
             ... wielding a +5 sacred scourge of holy wrath
              (26 damage)
             ... in the Dungeon (Sprint VII: "The Pits") on Oct 4, 2022.
             The game lasted 00:18:14 (3945 turns).

wilfster70 the End of an Era (Formicid Fighter)     Turns: 3945, Time: 00:18:14

Health: -5/146     AC: 28    Str: 26    XL:     15   Next: 7%
Magic:  32/32      EV: 11    Int: 10    God:    Qazlal [******]
Gold:   0          SH: 29    Dex: 15    Spells: 14/14 levels left

rFire   + + +      SeeInvis +    b - +3 lajatang
rCold   + . .      Faith    .    B - +1 tower shield
rNeg    + . .      Spirit   .    c - +3 storm dragon scales
rPois   .          Reflect  .    (helmet unavailable)
rElec   +          Harm     .    A - scarf {rC+ rF+}
rCorr   .          Rampage  .    m - +0 pair of gloves
Will    +....                    k - +0 pair of boots
Stlth   ..........               y - amulet of the Prince {rF++ Regen+}
HPRegen 1.24/turn                D - ring "Zeeruleq" {rF+ rN+ Dex+2 Slay+5 Stlth+}
MPRegen 0.23/turn                (no ring)

@: protected from physical damage, glowing, silenced, repel missiles
A: permanent stasis, dig shafts and tunnels, antennae 3, four strong arms
a: Dig, Renounce Religion


You were in the Dungeon.
You worshipped Qazlal.
Qazlal was exalted by your worship.
You visited 1 branch

Inventory:

Hand Weapons
 a - a +2 quarterstaff
 b - a +3 lajatang (weapon)
Missiles
 o - 14 javelins
Armour
 c - +3 storm dragon scales (worn)
 k - a +0 pair of boots (worn)
 m - a +0 pair of gloves (worn)
 A - a scarf of resistance (worn)
 B - a +1 tower shield (worn)
Jewellery
 s - the ring of Xom's Ringing Laughter {rF+ EV+6}
   (You found it in the Dungeon)

   [ring of evasion]

   EV:        It affects your evasion (+6).
   rF:        It protects you from fire.
 u - the ring "Qyliudwa" {rPois Will+ Dex+4}
   (You found it in the Dungeon)

   [ring of poison resistance]

   Dex:       It affects your dexterity (+4).
   rPois:     It protects you from poison.
   Will:      It increases your willpower.
 y - the amulet of the Prince (around neck) {rF++ Regen+}
   (You found it in the Dungeon)

   [amulet of regeneration]

   rF:        It greatly protects you from fire.
   Regen:     It increases your rate of health regeneration.
 D - the ring "Zeeruleq" (left hand) {rF+ rN+ Dex+2 Slay+5 Stlth+}
   (You found it in the Dungeon)

   [ring of slaying]

   Dex:       It affects your dexterity (+2).
   Slay:      It affects your accuracy & damage with ranged weapons and melee
   (+5).
   rF:        It protects you from fire.
   rN:        It protects you from negative energy.
   Stlth:     It makes you more stealthy.
 E - the ring of the Townfolk {rC++ EV+6 Int+2 Dex-3 Stlth+}
   (You found it in the Dungeon)

   [ring of evasion]

   EV:        It affects your evasion (+6).
   Int:       It affects your intelligence (+2).
   Dex:       It affects your dexterity (-3).
   rC:        It greatly protects you from cold.
   Stlth:     It makes you more stealthy.
Wands
 l - a wand of digging (3)
 C - a wand of polymorph (5)
Scrolls
 i - 5 scrolls of amnesia
 j - a scroll of summoning
 p - 3 scrolls of butterflies
 r - a scroll of identify
 t - a scroll of magic mapping
 v - 6 scrolls of enchant armour
 w - a scroll of fear
 x - 2 scrolls of enchant weapon
Potions
 d - 6 potions of might
 e - 7 potions of curing
 f - 22 potions of heal wounds
 g - 9 potions of magic
 h - 2 potions of invisibility
 n - a potion of brilliance
 z - 3 potions of mutation


   Skills:
 * Level 22.3 Fighting
 - Level 14.0 Staves
 - Level 18.5 Armour
 - Level 5.9 Dodging
 + Level 18.0 Shields
 O Level 27 Invocations
 + Level 3.8 Evocations


You had 14 spell levels left.
You didn't know any spells.
Your spell library contained the following spells:

 Spells                   Type           Power      Damage    Failure   Level
 Apportation              Tloc           0%         N/A       95%         1
 Foxfire                  Conj/Fire      0%         2x1d4     95%         1
 Freeze                   Ice            0%         1d3       95%         1
 Necrotise                Necr           0%         1d4       95%         1
 Summon Small Mammal      Summ           0%         N/A       95%         1
 Cigotuvi's Dreadful Rot  Necr/Pois/Air  0%         N/A       98%         2
 Poisonous Vapours        Pois/Air       0%         N/A       98%         2
 Sublimation of Blood     Necr           0%         N/A       98%         2
 Wereblood                Tmut           0%         N/A       98%         2
 Call Canine Familiar     Summ           0%         N/A       100%        3
 Dazzling Flash           Conj/Hex       0%         N/A       100%        3
 Frozen Ramparts          Ice            0%         1d1       100%        3
 Gell's Gravitas          Tloc           0%         N/A       100%        3
 Hailstorm                Conj/Ice       0%         3d3       100%        3
 Kindle Blastsparks       Fire/Tloc/Air  0%         2d10      100%        3
 Stone Arrow              Conj/Erth      0%         3d7       100%        3
 Summon Guardian Golem    Hex/Summ       0%         N/A       100%        3
 Teleport Other           Tloc           0%         N/A       100%        3
 Vhi's Electric Charge    Tloc/Air       0%         N/A       100%        3
 Animate Armour           Summ/Erth      0%         N/A       100%        4
 Flame Wave               Conj/Fire      0%         2d4       100%        4
 Fulminant Prism          Conj/Hex       0%         3d6       100%        4
 Iskenderun's Mystic Bla  Conj/Tloc      0%         2d3       100%        4
 Manifold Assault         Tloc           0%         N/A       100%        4
 Fireball                 Conj/Fire      0%         3d3       100%        5
 Freezing Cloud           Conj/Ice/Air   0%         6-21      100%        5
 Iskenderun's Battlesphe  Conj           0%         2d6       100%        5
 Lee's Rapid Deconstruct  Erth           0%         3d5*      100%        5
 Summon Forest            Summ/Tloc      0%         N/A       100%        5
 Yara's Violent Unravell  Hex/Tmut       0%         3d3       100%        5
 Conjure Ball Lightning   Conj/Air       0%         3x3d6     100%        6
 Dispersal                Tloc           0%         N/A       100%        6
 Eringya's Noxious Bog    Tmut/Pois      0%         N/A       100%        6
 Simulacrum               Ice/Necr       0%         N/A       100%        6
 Starburst                Conj/Fire      0%         6d3       100%        6
 Enfeeble                 Hex            0%         N/A       100%        7
 Haunt                    Necr/Summ      0%         N/A       100%        7
 Malign Gateway           Summ/Tloc      0%         N/A       100%        7
 Orb of Destruction       Conj           0%         9d5       100%        7
 Storm Form               Tmut/Air       0%         N/A       100%        7
 Summon Hydra             Summ           0%         N/A       100%        7
 Lehudib's Crystal Spear  Conj/Erth      0%         10d2      100%        8
 Polar Vortex             Ice            0%         N/A       100%        9
 Blink                    Tloc           Unusable   N/A       N/A         2

Dungeon Overview and Level Annotations

Branches:
Dungeon (1/1)

Altars:
Ashenzari
Cheibriados
Dithmenos
Elyvilon
Fedhas
Gozag
Hepliaklqana
Kikubaaqudgha
Makhleb
Nemelex Xobeh
Okawaru
Qazlal
Ru
Sif Muna
Trog
Uskayaw
Vehumet
Wu Jian
Xom
Yredelemnul
Zin
The Shining One
Jiyva
Lugonu

Annotations:
D Mennas


Innate Abilities, Weirdness & Mutations

You cannot be hasted, slowed, berserked, paralysed or teleported.
You can dig through walls and to a lower floor.
You have a pair of large antennae on your head. (SInv)
Your four strong arms can wield two-handed weapons with a shield.


Message History

Mennas is heavily wounded.
You block the hell hound's attack. You block Mennas's attack.
Mennas hits you with a +5 sacred scourge of holy wrath!!
* * * LOW HITPOINT WARNING * * *
Mennas blocks your attack.
Mennas is heavily wounded.
Mennas becomes audible again.
You block the hell hound's attack.
Mennas gestures frantically.
Mennas's surroundings become eerily quiet.
Mennas blocks your attack.
Mennas is heavily wounded.
You block the hell hound's attack. You block Mennas's attack.
Mennas hits you but does no damage. The hell hound misses you.
Mennas blocks your attack.
Mennas is heavily wounded.
You block Mennas's attack. Mennas hits you but does no damage.
You block the hell hound's attack. You block Mennas's attack.
Mennas hits you with a +5 sacred scourge of holy wrath!!
* * * LOW HITPOINT WARNING * * *
You barely miss Mennas.
Mennas is heavily wounded.
The hell hound breathes flames at you.
The blast of flame hits you but does no damage.
You resist. You block Mennas's attack. x2
You barely miss Mennas.
Mennas is heavily wounded.
You block the hell hound's attack. Mennas hits you but does no damage.
You block Mennas's attack. Mennas blocks your attack.
Mennas is heavily wounded.
You block the hell hound's attack. You block Mennas's attack.
Mennas hits you but does no damage. You block the hell hound's attack.
You slice Mennas!!
Mennas is heavily wounded.
Mennas drinks a potion.
Mennas is healed!
The hell hound bites you but does no damage.
Mennas blocks your attack.
Mennas is heavily wounded.
Mennas hits you with a +5 sacred scourge of holy wrath!!
You die...

###''####''# ###''####''####### {
#......##..[.....[
#.#'##h##....)...)
#.#})'.##..#######
#.'.)#.##..#))#.)#
#.#.h'D##..#))#))#
###++###########h+".#.##..#.....#
..........##..##@##'#.##..#..####
#..#......##..##.Ahh..##..#..'...
..........''..##########..#..####
..........''..##########).#.....#
#..#......##...).......)..#))#))#
..........##..........))..#))#))#
###''######################### ##
.##''############## #############
.##......#...'....###...##....##.


You could see Mennas (silencing) and 3 hell hounds.

Vanquished Creatures
  Jory (D)
  A lich (D)
  A titan (D)
  A sphinx (D)
  A death cob (D)
  A draconian monk (D)
  3 nagarajas (D)
  Ilsuiw (D)
  An iron dragon (D)
  2 deep elf sorcerers (D)
  An orc warlord (D)
  2 yellow draconians (D)
  2 minotaurs (D)
  A red draconian (D)
  A deep elf demonologist (D)
  2 deep elf annihilators (D)
  A white draconian (D)
  A purple draconian (D)
  2 merfolk javelineers (D)
  A deep elf death mage (D)
  2 deep elf high priests (D)
  2 yaktaur captains (D)
  2 fire dragons (D)
  Erolcha (D)
  Josephine (D)
  A hydra (D)
  A merfolk aquamancer (D)
  A large abomination (D)
  3 naga warriors (D)
  A spriggan (D)
  5 deep elf knights (D)
  A flayed ghost (D)
  A bog body (D)
  2 cherubim (D)
  8 orc knights (D)
  A mana viper (shapeshifter) (D)
  A deep elf zephyrmancer (D)
  A cyclops (D)
  2 naga magi (D)
  2 black mambas (D)
  2 merfolk sirens (D)
  A rust devil (D)
  An elephant (D)
  A smoke demon (D)
  2 rime drakes (D)
  An unseen horror (D)
  A komodo dragon (D)
  3 yaktaurs (D)
  A red devil (D)
  A tyrant leech (D)
  A merfolk (D)
  A polar bear (D)
  A troll (D)
  2 tarantellas (D)
  A hornet (D)
  A flying skull (D)
  A jumping spider (shapeshifter) (D)
  4 water elementals (D)
  A ynoxinul (D)
  A shadow (D)
  A basilisk (D)
  4 wraiths (D)
  2 wyverns (D)
  A fire elemental (D)
  A fire bat (D)
  A steam dragon (D)
  A warg (D)
  An acid dragon (D)
  A floating eye (D)
  A sky beast (D)
  5 wolves (D)
  2 centaurs (D)
  2 kobold brigands (D)
  A necrophage (D)
  An earth elemental (D)
  2 quasits (D)
  An orc priest (D)
  2 iguanas (D)
  An orc wizard (D)
  A mummy (D)
  A river rat (D)
  2 adders (D)
  A white imp (D)
  3 orcs (D)
  A bat skeleton (D)
  An endoplasm (D)
  2 goblins (D)
  A hobgoblin (D)
  3 quokkas (D)
  2 ball pythons (D)
  A bat (D)
  A kobold (D)
  A quokka zombie (D)
  A rat (D)
147 creatures vanquished.

Vanquished Creatures (collateral kills)
  An orc warlord (D)
1 creature vanquished.

Vanquished Creatures (others)
  A lich (D)
1 creature vanquished.

Grand Total: 149 creatures vanquished

Notes
Turn   | Place    | Note
-------+----------+-------------------------------------------
     0 | D        | wilfster70 the Formicid Fighter began the quest for the
                  | Orb.
     0 | D        | Reached XP level 1. HP: 18/18 MP: 1/1
    17 | D        | Found a bloodstained altar of Trog.
    17 | D        | Found a shimmering blue altar of Sif Muna.
    17 | D        | Found a viscous altar of Jiyva.
    17 | D        | Found a hazy altar of Hepliaklqana.
    17 | D        | Found an opulent altar of Gozag.
    18 | D        | Found a glowing golden altar of the Shining One.
    18 | D        | Found a glowing silver altar of Zin.
    18 | D        | Found a basalt altar of Yredelemnul.
    18 | D        | Found a shimmering altar of Xom.
    18 | D        | Found an ornate altar of the Wu Jian Council.
    18 | D        | Found a sacrificial altar of Ru.
    18 | D        | Found a stormy altar of Qazlal.
    18 | D        | Found an iron altar of Okawaru.
    18 | D        | Found a sparkling altar of Nemelex Xobeh.
    18 | D        | Found a burning altar of Makhleb.
    18 | D        | Found a blossoming altar of Fedhas.
    18 | D        | Found a white marble altar of Elyvilon.
    18 | D        | Found a shadowy altar of Dithmenos.
    18 | D        | Found a snail-covered altar of Cheibriados.
    20 | D        | Found a radiant altar of Vehumet.
    20 | D        | Found a corrupted altar of Lugonu.
    21 | D        | Found a hide-covered altar of Uskayaw.
    21 | D        | Found an ancient bone altar of Kikubaaqudgha.
    21 | D        | Found a broken altar of Ashenzari.
    25 | D        | Became a worshipper of Qazlal Stormbringer
    60 | D        | Noticed a floating eye
    69 | D        | Killed a floating eye
    70 | D        | Reached skill level 5 in Staves
    70 | D        | Reached skill level 5 in Shields
    70 | D        | Reached skill level 3 in Invocations
    70 | D        | Reached XP level 2. HP: 26/26 MP: 1/4
    70 | D        | Reached XP level 3. HP: 32/32 MP: 1/5
    70 | D        | Reached XP level 4. HP: 38/38 MP: 1/6
    70 | D        | Reached XP level 5. HP: 43/43 MP: 1/7
   149 | D        | Reached * piety under Qazlal
   153 | D        | Reached skill level 5 in Armour
   163 | D        | Reached ** piety under Qazlal
   164 | D        | Reached skill level 5 in Fighting
   165 | D        | Reached skill level 4 in Invocations
   238 | D        | Noticed a fire bat
   244 | D        | Reached *** piety under Qazlal
   250 | D        | Killed a fire bat
   251 | D        | Reached skill level 5 in Invocations
   251 | D        | Reached XP level 6. HP: 21/52 MP: 9/9
   377 | D        | Reached **** piety under Qazlal
   408 | D        | Noticed Erolcha
   428 | D        | Killed Erolcha
   429 | D        | Reached skill level 5 in Dodging
   429 | D        | Reached skill level 7 in Invocations
   429 | D        | Reached XP level 7. HP: 61/61 MP: 10/12
   429 | D        | Reached XP level 8. HP: 68/68 MP: 10/13
   470 | D        | Reached skill level 8 in Invocations
   474 | D        | Reached skill level 10 in Staves
   542 | D        | Noticed a wraith
   542 | D        | Noticed an unseen horror
   559 | D        | Killed a wraith
   559 | D        | Reached ***** piety under Qazlal
   575 | D        | Killed an unseen horror
   576 | D        | Reached skill level 9 in Invocations
   576 | D        | Reached XP level 9. HP: 46/76 MP: 15/15
   775 | D        | Noticed a polar bear
   786 | D        | Killed a polar bear
   802 | D        | Noticed a bog body
   815 | D        | Killed a bog body
   816 | D        | Reached skill level 10 in Fighting
   816 | D        | Reached skill level 10 in Armour
   816 | D        | Reached skill level 10 in Invocations
   895 | D        | Noticed a large abomination
   908 | D        | Killed a large abomination
   909 | D        | Reached XP level 10. HP: 36/86 MP: 1/18
   913 | D        | Reached skill level 11 in Invocations
  1222 | D        | Reached ****** piety under Qazlal
  1286 | D        | Noticed a four-headed hydra
  1286 | D        | Noticed a rime drake
  1289 | D        | Noticed a komodo dragon
  1295 | D        | Killed a rime drake
  1295 | D        | Killed a komodo dragon
  1299 | D        | Killed a four-headed hydra
  1300 | D        | Reached skill level 12 in Invocations
  1401 | D        | Noticed an elephant
  1401 | D        | Noticed a cyclops
  1402 | D        | Noticed a smoke demon
  1404 | D        | Reached skill level 13 in Invocations
  1411 | D        | Killed a cyclops
  1411 | D        | Killed a smoke demon
  1412 | D        | Reached XP level 11. HP: 44/96 MP: 4/21
  1413 | D        | Killed an elephant
  1414 | D        | Reached skill level 14 in Invocations
  1607 | D        | Noticed a deep elf zephyrmancer
  1615 | D        | Reached skill level 15 in Invocations
  1645 | D        | Killed a deep elf zephyrmancer
  1852 | D        | Noticed a minotaur
  1868 | D        | Killed a minotaur
  1869 | D        | Reached skill level 16 in Invocations
  2264 | D        | Reached skill level 17 in Invocations
  2437 | D        | Noticed a merfolk javelineer
  2438 | D        | Noticed a merfolk siren
  2438 | D        | Noticed Ilsuiw
  2439 | D        | Killed a merfolk siren
  2439 | D        | Killed a merfolk javelineer
  2440 | D        | Reached XP level 12. HP: 108/108 MP: 15/24
  2442 | D        | Noticed a merfolk javelineer
  2446 | D        | Killed a merfolk javelineer
  2446 | D        | Killed Ilsuiw
  2447 | D        | Reached skill level 15 in Fighting
  2447 | D        | Reached skill level 15 in Armour
  2447 | D        | Reached skill level 18 in Invocations
  2548 | D        | Noticed a spriggan rider
  2550 | D        | Noticed a flayed ghost
  2555 | D        | Killed a flayed ghost
  2556 | D        | Reached skill level 19 in Invocations
  2559 | D        | Killed a spriggan rider
  2603 | D        | Noticed a merfolk aquamancer
  2604 | D        | Killed a merfolk aquamancer
  2605 | D        | Reached skill level 20 in Invocations
  2605 | D        | Noticed an orc warlord
  2606 | D        | Noticed an orc warlord
  2607 | D        | Killed an orc warlord
  2607 | D        | Noticed a deep elf knight
  2608 | D        | Reached skill level 21 in Invocations
  2608 | D        | Reached XP level 13. HP: 119/119 MP: 9/27
  2647 | D        | Killed an orc warlord
  2654 | D        | Noticed a yaktaur captain
  2657 | D        | Killed a yaktaur captain
  2657 | D        | Killed a nagaraja
  2658 | D        | Reached skill level 22 in Invocations
  2929 | D        | Reached skill level 23 in Invocations
  2964 | D        | Noticed a titan
  2971 | D        | Killed a titan
  3098 | D        | Noticed a yaktaur captain
  3099 | D        | Noticed Jory
  3105 | D        | Killed a yaktaur captain
  3105 | D        | Killed Jory
  3106 | D        | Reached skill level 10 in Shields
  3106 | D        | Reached skill level 24 in Invocations
  3336 | D        | Noticed a minotaur
  3336 | D        | Noticed Josephine
  3337 | D        | Killed Josephine
  3337 | D        | Killed a minotaur
  3338 | D        | Reached skill level 25 in Invocations
  3338 | D        | Reached XP level 14. HP: 131/131 MP: 21/30
  3389 | D        | Noticed a yellow draconian
  3389 | D        | Noticed a deep elf annihilator
  3389 | D        | Noticed a white draconian
  3390 | D        | Noticed a deep elf demonologist
  3391 | D        | Killed a deep elf annihilator
  3391 | D        | Killed a white draconian
  3391 | D        | Killed a deep elf demonologist
  3391 | D        | Killed a deep elf sorcerer
  3391 | D        | Killed a yellow draconian
  3395 | D        | Noticed a yellow draconian
  3411 | D        | Noticed a sphinx
  3413 | D        | Reached skill level 26 in Invocations
  3413 | D        | Noticed a lich
  3413 | D        | Noticed a deep elf annihilator
  3414 | D        | Noticed a deep elf sorcerer
  3415 | D        | Noticed a green draconian monk
  3417 | D        | Killed a yellow draconian
  3417 | D        | Killed a deep elf sorcerer
  3417 | D        | Killed a deep elf annihilator
  3417 | D        | Killed a sphinx
  3417 | D        | Killed a green draconian monk
  3417 | D        | Killed a nagaraja
  3418 | D        | Reached skill level 15 in Shields
  3418 | D        | Reached skill level 27 in Invocations
  3420 | D        | Noticed a red draconian
  3421 | D        | Noticed a lich
  3424 | D        | Killed a lich
  3439 | D        | Killed a lich
  3445 | D        | Killed a red draconian
  3554 | D        | Noticed a purple draconian
  3558 | D        | Noticed a nagaraja
  3560 | D        | Killed a nagaraja
  3560 | D        | Killed a purple draconian
  3632 | D        | Got Zuzxi's Thorough Guide to Casting
  3646 | D        | Got the Papyrus of Baldness
  3671 | D        | Got the ring of Ymmynt {Drain rPois rC+ Str+3}
  3674 | D        | Got the ring of the Kraken {Int+4 Dex+6 SInv}
  3677 | D        | Got the amulet "Osaraxeps" {Spirit Fragile rC+ rN+ rCorr}
  3680 | D        | Got the ring of Honesty {Ice rPois}
  3685 | D        | Got the ring "Zeeruleq" {rF+ rN+ Dex+2 Slay+5 Stlth+}
  3694 | D        | Got the amulet "Kekeren" {Faith rC+}
  3697 | D        | Got the ring "Noto" {Fly rElec Will- Stlth+}
  3699 | D        | Got the amulet of Ittoix {Spirit Contam rF- Str+8}
  3702 | D        | Got the amulet "Ycysubbe" {RegenMP rPois Int-4 SInv Stlth+}
  3709 | D        | Got the ring "Ovvac" {Wiz Int+7 Dex-2}
  3712 | D        | Got the ring "Novitiuh" {rElec rC+ rN+ Str-2}
  3715 | D        | Got the ring of Xom's Ringing Laughter {rF+ EV+6}
  3719 | D        | Got the amulet "Sybbeol" {Faith Str+3}
  3722 | D        | Got the ring "Qyliudwa" {rPois Will+ Dex+4}
  3724 | D        | Got the amulet of the Prince {rF++ Regen+}
  3726 | D        | Got the amulet "Bubritt" {rPois rN+ Regen+ Str-3 Int+7}
  3740 | D        | Got the ring of the Townfolk {rC++ EV+6 Int+2 Dex-3 Stlth+}
  3745 | D        | Got the ring of the Raven {rC+ rN+}
  3748 | D        | Got the ring "Peinnu Sivi" {rPois SInv}
  3750 | D        | Got the ring "Otugh" {Wiz rN+ Will+ MP+9 Stlth-}
  3757 | D        | Got the ring "Gyulept" {Will+ Str+4 Int+4}
  3760 | D        | Got the ring "Bebipaan" {Will- EV+6 Int+9}
  3763 | D        | Got the ring "Vehelap" {rPois Will+}
  3766 | D        | Got the ring "Jeochuni" {rPois rC+ rN+ SInv}
  3813 | D        | Upgraded the game from 0.30-a0-187-gd9c2deaf24 to
                  | 0.30-a0-210-g01b79a254e
  3867 | D        | Noticed an iron dragon
  3867 | D        | Noticed Mennas
  3867 | D        | Noticed a death cob
  3887 | D        | Reached skill level 1 in Evocations
  3894 | D        | Killed a death cob
  3895 | D        | Reached XP level 15. HP: 111/146 MP: 32/32
  3903 | D        | Killed an iron dragon
  3945 | D        | Slain by Mennas

Illustrated notes

Levels and vault maps discovered:
D:        pitsprint [storerooms_1, entrance_room_1, metal_vault_6, armoury_1,
          mini_pit_1, grid_room_1, main_hall_1, silver_pit, the_coven_2,
          the_vestibule_1, steel_vault_4, golden_pit, hallway_of_sentries,
          crystal_vault_2, iron_vault_4, final_vault]

Skill      XL: |  1  2  3  4  5  6  7  8  9 10 11 12 13 14 15 |
---------------+----------------------------------------------+-----
Fighting       | 4 6 7 9 10 12 14 16 18 22 | 22.3
Staves         | 5 6 9 11 13 14 | 14.0
Armour         | 4 6 8 9 10 13 14 16 18 | 18.5
Dodging        | 2 4 5 |  5.9
Shields        | 5 7 9 11 17 18 | 18.0
Invocations    | 3 5 7 9 10 13 17 21 25 27 | 27.0
Evocations     | 2 3 |  3.8

Action                   |  1- 3 |  4- 6 |  7- 9 | 10-12 | 13-15 || total
-------------------------+-------+-------+-------+-------+-------++-------
Melee: Quarterstaff      |     6 |    50 |    70 |   144 |    57 ||   327
       Lajatang          |       |       |       |       |    93 ||    93
Invok: Disaster Area     |       |       |     2 |    11 |     9 ||    22
       Elemental Force   |       |       |       |       |     1 ||     1
  Use: Potion            |       |       |     1 |       |       ||     1
Armor: Scale mail        |     3 |     3 |       |       |       ||     6
       Chain mail        |       |     4 |    18 |       |       ||    22
       Plate armour      |       |       |    16 |    42 |     8 ||    66
       Storm dragon scal |       |       |       |       |    39 ||    39
Dodge: Dodged            |       |     8 |    37 |    38 |    40 ||   123
       Repelled          |       |       |       |       |     4 ||     4
Block: Buckler           |     2 |    21 |    50 |    92 |    28 ||   193
       Tower shield      |       |       |       |       |   167 ||   167

Table legend: (Time is in decaauts)
 A = Elapsed time spent in this place.
 B = Non-inter-level travel time spent in this place.
 C = Inter-level travel time spent in this place.
 D = Time resting spent in this place.
 E = Time spent auto-exploring this place.
 F = Levels seen in this place.
 G = Mean time per level.
                   A        B        C        D        E       F      G
               +--------+--------+--------+--------+--------+-----+--------+
         Total |   3840 |   3775 |     65 |   1985 |      0 |   1 | 3840.0 |
       Dungeon |   3840 |   3775 |     65 |   1985 |      0 |   1 | 3840.0 |
               +--------+--------+--------+--------+--------+-----+--------+

Top non-repeatable levels by time:
       D: 3840 daAuts
